Map: Kairos Junction LE

Players

MoltenSC

  • Race: Protoss Protoss
  • League: Master
  • Spawn Location: 5:00

llllllllllll - Winner!

  • Race: Protoss Protoss
  • League: Master
  • Spawn Location: 11:00

VOD

Have the link to the VOD?

Description

Time

  • Played on: Feb. 22, 2019, 2:26 a.m.
  • Length: 4:21
Show
View Real Time Build Order
Export as new Build Order

MoltenSC Protoss 

Build Orders:  

Get SALT Encoding   

  12  0:00  Probe  
  13  0:12  Probe  
  14  0:18  Pylon  
  14  0:24  Probe  
  15  0:34  Probe  
  15  0:36  Gateway  
  16  0:43  Probe  
  16  0:44  Assimilator  
  17  0:53  Assimilator  
  17  0:56  Probe  
  18  1:08  Gateway  
  18  1:18  Probe  
  19  1:25  Cybernetics Core  
  19  1:34  Pylon  
  19  1:38  Zealot  
  19  2:15  Zealot  
Show
View Real Time Build Order
Export as new Build Order

llllllllllll Protoss - Winner!

Build Orders:  

Get SALT Encoding   

  12  0:01  Probe  
  13  0:13  Probe  
  14  0:23  Probe  
  14  0:25  Pylon  
  15  0:39  Probe  
  15  0:44  Forge  
  15  0:49  Assimilator  
  16  0:56  Probe  
  17  1:05  Probe  
  18  1:13  Probe  
  19  1:24  Probe  
  20  1:47  Pylon  
  20  1:48  Pylon  
  20  1:50  Pylon  
  19  2:05  Photon Cannon  
  15  2:24  Photon Cannon  
  15  2:26  Photon Cannon  
Tags
 
Add a new tag
Caveats
  • Supply blocks, unpowered buildings, or Contaminate may cause inaccurate times.
  • Supply counts are checked every 10 seconds.